 Dungeon Crawl Stone Soup version 0.24.0-123-gd5b16e6ec5 (webtiles) character file.

Game seed: 12318273675937085168, levelgen mode: deterministic

92 Martska the Charmwright (level 4, 0/34 HPs)
             Began as a Human Skald on Feb 10, 2020.
             Succumbed to a worker ant's poison
             ... on level 4 of the Dungeon.
             The game lasted 00:06:42 (3390 turns).

Martska the Charmwright (Human Skald)               Turns: 3390, Time: 00:06:43

Health: 0/34       AC:  3    Str: 12    XL:     4   Next: 90%
Magic:  7/7        EV: 12    Int: 13    God:
Gold:   134        SH:  0    Dex: 13    Spells: 1/7 levels left

rFire    . . .     SeeInvis .   j - +2 dagger (flame)
rCold    . . .     Gourm    .   (no shield)
rNeg     . . .     Faith    .   b - +0 leather armour
rPois    .         Spirit   .   (no helmet)
rElec    .         Reflect  .   (no cloak)
rCorr    .         Harm     .   (no gloves)
MR       .....                  (no boots)
Stlth    +.........             (no amulet)
HPRegen  0.11/turn              (no ring)
MPRegen  0.10/turn              (no ring)

@: lethally poisoned (0 -> -2)
A: no striking features
a: no special abilities


You were on level 4 of the Dungeon.
You were not hungry.

You visited 1 branch of the dungeon, and saw 4 of its levels.

You collected 134 gold pieces.

Inventory:

Hand Weapons
 a - a +0 falchion
 j - a +2 dagger of flaming (weapon)
Armour
 b - a +0 leather armour (worn)
Jewellery
 n - an uncursed amulet of magic regeneration {unknown}
Scrolls
 e - 4 scrolls of teleportation
 g - 3 scrolls of remove curse
 i - a scroll of random uselessness
 k - a scroll of magic mapping {unknown}
Potions
 c - a potion of ambrosia {unknown}
 h - 2 potions of cancellation {unknown}
 l - 2 potions of invisibility {unknown}
 m - 2 potions of curing {unknown}
 o - a potion of degeneration {unknown}
 p - a potion of agility {unknown}
Comestibles
 d - 5 rations


   Skills:
 * Level 2.8 Fighting
 * Level 3.0 Long Blades
 + Level 1.6 Armour
 + Level 2.3 Dodging
 + Level 2.2 Spellcasting
 + Level 0.4 Hexes
 + Level 3.3 Charms
 + Level 0.2 Translocations


You had one spell level left.
You knew the following spells:

 Your Spells              Type           Power        Failure   Level  Hunger
a - Infusion              Chrm           ##..         9%          1    ##.....
b - Shroud of Golubria    Chrm/Tloc      #.....       22%         2    ###....
c - Spectral Weapon       Hex/Chrm       #.......     41%         3    ####...

Your spell library contained the following spells:

 Spells                   Type           Power        Failure   Level  Hunger
 Song of Slaying          Chrm           ##......     12%         2    ###....
 Regeneration             Chrm/Necr      #.........   43%         3    ####...


Dungeon Overview and Level Annotations

Branches:
Dungeon (4/15)
 Temple: D:4-7

Altars:

Annotations:
D:2 Sigmund
D:4 Dowan, Duvessa


Message History

The worker ant bites you but does no damage.
The worker ant bites you but does no damage.
You feel sick.
You eat one of the 6 rations.
That ration really hit the spot!
The worker ant bites you.
* * * LOW HITPOINT WARNING * * *
The worker ant misses you.
You closely miss the worker ant.
The worker ant is severely wounded.
You feel sick. The worker ant bites you.
* * * LOW HITPOINT WARNING * * *
The worker ant waves its antennae.
You closely miss the worker ant.
The worker ant is severely wounded.
The worker ant misses you.
You feel sick. The worker ant bites you.
* * * LOW HITPOINT WARNING * * *
There is a stone staircase leading up here.
You die...

.....#..(#...#
..............#
.....)......#
##......##.....#
....#....#.....###
#..###..#........##
........##........#
...#....#...#..#..#
.###..........la@##
$....#...#....####
###....#####..# #
#...........#
..>....$.....##
.......#...###
#......#..##
#.......###
........#


You could see an iguana and a worker ant.

Vanquished Creatures
  An ooze (D:1)
  An adder skeleton (D:4)
  2 worms (D:2)
  4 dart slugs
  4 leopard geckos
  4 orcs (D:3)
  7 bats
  2 giant cockroaches
  13 goblins
  5 hobgoblins
  6 jackals
  A quokka (D:3)
  2 frilled lizards (D:1)
  A kobold (D:2)
  4 rats
57 creatures vanquished.

Notes
Turn   | Place    | Note
-------+----------+-------------------------------------------
     0 | D:1      | Martska the Human Skald began the quest for the Orb.
     0 | D:1      | Reached XP level 1. HP: 16/16 MP: 3/3
    31 | D:1      | Reached XP level 2. HP: 13/22 MP: 0/5
   133 | D:1      | Reached XP level 3. HP: 21/28 MP: 2/6
   645 | D:1      | Learned a level 2 spell: Shroud of Golubria
   649 | D:1      | Learned a level 3 spell: Spectral Weapon
  1057 | D:2      | Reached XP level 4. HP: 16/34 MP: 3/7
  1756 | D:2      | Noticed Sigmund
  3331 | D:4      | Noticed Duvessa
  3331 | D:4      | Noticed Dowan
  3389 | D:4      | HP: 1/34 [worker ant (6)]
  3390 | D:4      | Succumbed to a worker ant's poison

Levels and vault maps discovered:
D:1:      ncdulo_wetmaze, layout_rooms, minmay_split_cup_large
D:2:      layout_basic, nicolae_overflow_hidden_temple, uniq_sigmund
D:3:      layout_basic, first_ration
D:4:      layout_cave_pools, minmay_temple_entry_crystal_x, uniq_natasha,
          uniq_duvessa

Skill      XL: |  1  2  3  4 |
---------------+-------------+-----
Long Blades    | 3 |  3.0
Fighting       | |  2.8
Armour         | |  1.6
Dodging        | |  2.3
Spellcasting   | |  2.2
Hexes          | |  0.4
Charms         | |  3.3
Translocations | |  0.2

Action                   |  1- 3 |  4- 6 || total
-------------------------+-------+-------++-------
Melee: Falchion          |    75 |    31 ||   106
       Dagger            |       |    70 ||    70
 Cast: Infusion          |     8 |    10 ||    18
  Use: Scroll            |       |     3 ||     3
  Eat: Chunk             |       |     7 ||     7
       Ration            |       |     1 ||     1
Armor: Leather armour    |    37 |     9 ||    46
Dodge: Dodged            |    61 |    63 ||   124
       Rpst.: Falchion   |    20 |     4 ||    24
